 Dungeon Crawl Stone Soup version 0.28.0-53-g5a82cb258f (webtiles) character file.

Game seed: 17568370679969701008

399 Sin92 the Skirmisher (level 6, -1/48 HPs)
             Began as a Demonspawn Fighter on July 12, 2022.
             Slain by a black bear (2 damage)
             ... on level 4 of the Dungeon.
             The game lasted 00:03:34 (4217 turns).

Sin92 the Skirmisher (Demonspawn Fighter)           Turns: 4217, Time: 00:03:35

Health: -1/48      AC:  6    Str: 19    XL:     6   Next: 53%
Magic:  9/9        EV:  8    Int:  9    God:
Gold:   136        SH:  8    Dex: 12    Spells: 9/9 levels left

rFire   . . .      SeeInvis .   a - +0 war axe
rCold   . . .      Faith    .   g - +0 kite shield
rNeg    . . .      Spirit   .   b - +0 scale mail
rPois   +          Reflect  .   (helmet restricted)
rElec   .          Harm     .   (no cloak)
rCorr   .          Rampage  .   (no gloves)
Will    .....                   (no boots)
Stlth   ..........              (no amulet)
HPRegen 0.16/turn               d - ring of poison resistance
MPRegen 0.22/turn               (no ring)

@: no status effects
A: antennae 1, ignite blood 1, magic regeneration
a: no special abilities


You were on level 4 of the Dungeon.
You visited 1 branch of the dungeon, and saw 4 of its levels.

You collected 136 gold pieces.

Inventory:

Hand Weapons
 a - a +0 war axe (weapon)
Armour
 b - a +0 scale mail (worn)
 c - a +0 buckler
 g - a +0 kite shield (worn)
Jewellery
 d - a ring of poison resistance (left hand)
Wands
 f - a wand of charming (5)
Scrolls
 e - 2 scrolls of identify
Potions
 i - a potion of brilliance


   Skills:
 + Level 3.9 Fighting
 * Level 3.8 Axes
 + Level 3.5 Armour
 + Level 1.9 Dodging
 + Level 3.4 Shields
 + Level 2.0 Spellcasting


You had 9 spell levels left.
You didn't know any spells.
Your spell library contained the following spells:

 Spells                   Type           Power      Damage    Failure   Level
 Static Discharge         Conj/Air       0%         N/A       99%         2
 Animate Dead             Necr           0%         N/A       100%        4
 Dispel Undead            Necr           0%         3d6       100%        4
 Sticky Flame             Conj/Fire      0%         2d3       100%        4
 Agony                    Necr           0%         N/A       100%        5
 Alistair's Intoxication  Tmut/Pois      0%         N/A       100%        5
 Borgnjor's Vile Clutch   Necr/Erth      0%         N/A       100%        5


Dungeon Overview and Level Annotations

Branches:
Dungeon (4/15)
 Temple: D:4-7

Altars:

Shops:
D:2 *

Annotations:
D:3 1 runed translucent door, Wentworth's ghost, amateur DsGl


Innate Abilities, Weirdness & Mutations

You have a pair of small antennae on your head.
Your demonic aura sometimes causes spilled blood to erupt in flames.
You regenerate magic rapidly.


Message History

You kill the hobgoblin!
You hear some strange, mumbled words.
You are confused.
Something hits you.
Unknown command.
A black bear comes into view.
Something hits you.
You bump into the rock wall.
The black bear growls angrily.
You hear an angry hiss.
Something hits you but does no damage.
You're too confused to move!
Something hits you but does no damage.
You bump into the rock wall.
You feel less confused. Something hits you.
You closely miss something.
You hit the black bear but do no damage.
The black bear bites you but does no damage.
The black bear claws you but does no damage.
The black bear claws you. You block something's attack.
You block the black bear's attack. The black bear barely misses you.
The black bear claws you. Something hits you but does no damage.
You hit something. You slash the black bear! You block the black bear's attack.
The black bear claws you. x2
You hear some strange, mumbled words.
Something tries to affect you, but you resist.
You hit something but do no damage. You hit the black bear.
An orc wizard appears from thin air!
Reactivating autopickup.
A quokka skeleton comes into view.
The black bear bites you.
* * * LOW HITPOINT WARNING * * *
You block the black bear's attack. x2
The orc wizard points at you and mumbles some strange words.
The magic dart hits you.
* * * LOW HITPOINT WARNING * * *
An adder comes into view.
The black bear bites you!
* * * LOW HITPOINT WARNING * * *
The black bear claws you.
You die...

##### ###
#...#...#
#.#...#.# #.
########..##
..#..#
.......<..#$#.....
########..##'.....
#.#††.# #...o@#
##...h#{ #.....#
....#...#
#.....##+? ......
Z. #..... ...
#..S$# #.. #.# ..


You could see a black bear, an orc wizard, an adder (wandering) and a quokka
skeleton (wandering).

Vanquished Creatures
  Grinder (D:3)
  A scorpion (D:4)
  An iguana (D:4)
  An adder (D:3)
  2 gnolls (D:2)
  4 dart slugs
  6 ball pythons
  10 endoplasms
  7 giant cockroaches
  6 goblins
  6 hobgoblins
  3 jackals
  5 quokkas
  2 bats
  7 frilled lizards
  6 kobolds
  10 rats
78 creatures vanquished.

Notes
Turn   | Place    | Note
-------+----------+-------------------------------------------
     0 | D:1      | Sin92 the Demonspawn Fighter began the quest for the Orb.
     0 | D:1      | Reached XP level 1. HP: 18/18 MP: 1/1
   133 | D:1      | Gained mutation: Your demonic aura sometimes causes spilled
                  | blood to erupt in flames. [demonic ancestry]
   133 | D:1      | Reached XP level 2. HP: 12/24 MP: 2/2
   624 | D:1      | Reached XP level 3. HP: 23/29 MP: 3/3
  1406 | D:2      | HP: 1/29 [gnoll/+0 whip (3)]
  2068 | D:2      | Found Bafriy's General Store.
  2077 | D:2      | Reached skill level 1 in Spellcasting
  2123 | D:2      | Gained mutation: You have a pair of small antennae on your
                  | head. [demonic ancestry]
  2123 | D:2      | Reached XP level 4. HP: 35/35 MP: 5/5
  2262 | D:2      | Got the Collected Works on Unstable Stolen Souls
  2554 | D:3      | Found a runed translucent door.
  2554 | D:3      | Noticed Wentworth's ghost (amateur DsGl)
  2595 | D:3      | Reached skill level 1 in Dodging
  3243 | D:3      | Found a faded altar of an unknown god.
  3448 | D:3      | Noticed Grinder
  3451 | D:3      | Paralysed by Grinder for 4 turns
  3462 | D:3      | Paralysed by Grinder for 3 turns
  3472 | D:3      | Paralysed by Grinder for 5 turns
  3482 | D:3      | Killed Grinder
  3483 | D:3      | Reached XP level 5. HP: 10/42 MP: 5/7
  3483 | D:3      | Gained mutation: You regenerate magic rapidly. [demonic
                  | ancestry]
  3483 | D:3      | Reached XP level 6. HP: 12/48 MP: 5/8
  4217 | D:4      | HP: 1/48 [black bear (7)]
  4217 | D:4      | Slain by a black bear

Illustrated notes

Levels and vault maps discovered:
D:1:      wander_arrival_lonely_grave, layout_loops_ring
D:2:      layout_basic, serial_shops, nicolae_diamond_shop, chequers_jeans
D:3:      kennysheep_six_static_rooms, layout_basic,
          hellmonk_ecumenical_altar_run_dry, hellmonk_ghost_happy_afterlife,
          kennysheep_nub, minmay_increasing_density, uniq_grinder
D:4:      layout_rooms, nicolae_qazlal_general_emergency,
          minmay_fractal_squares_diagonal_5

Skill      XL: |  1  2  3  4  5  6 |
---------------+-------------------+-----
Axes           | 2 3 |  3.8
Armour         | 3 |  3.5
Spellcasting   | 1 2 |  2.0
Shields        | 3 |  3.4
Dodging        | 1 |  1.9
Fighting       | |  3.9

Action                   |  1- 3 |  4- 6 || total
-------------------------+-------+-------++-------
Melee: War axe           |   118 |   101 ||   219
  Use: Scroll            |     1 |     3 ||     4
       Potion            |       |     6 ||     6
 Stab: Invisible         |       |     3 ||     3
Armor: Scale mail        |    67 |    31 ||    98
Dodge: Dodged            |    53 |    50 ||   103
Block: Buckler           |    32 |     9 ||    41
       Kite shield       |       |    33 ||    33
